 Dungeon Crawl Stone Soup version 0.15.0-25-gd84c1e8 (webtiles) character file.

6314 Leibowitz the Hoplite (level 10, -1/64 HPs)
             Began as a Gargoyle Fighter on Sept 7, 2014.
             Was an Elder of Okawaru.
             Splashed by a brown very ugly thing's acid (6 damage)
             ... on Level 1 of the Abyss on Sept 9, 2014.
             The game lasted 01:34:21 (9151 turns).

Leibowitz the Hoplite (Gargoyle Fighter)            Turns: 9151, Time: 01:34:21

HP  -1/64        AC  9     Str 22      XL: 10   Next: 95%
MP  11/11        EV  5     Int  7      God: Okawaru [****..]
Gold 896         SH 20     Dex  6 (7)  Spells:  0 memorised,  9 levels left

rFire  . . .     SeeInvis .     a - +0 morningstar
rCold  . . .     Rnd*Rage +     B - +1 plate armour
rNeg   + . .     rCorr    .     C - +0 large shield
rPois  +         rRot     +     (no helmet)
rElec  +         Spirit   .     E - +0 cloak
SustAb .         Warding  .     F - +0 pair of gloves
rMut   .         Stasis   .     (no boots)
Gourm  .                        G - amulet of faith
MR     .....                    k - +2 ring of protection
                                b - +1 ring of strength

@: heroism, corroded equipment, not resistant to hostile enchantments, extremely
unstealthy
A: berserk 1, blurry vision 1, clumsy 1, deformed body, deterioration 2, dopey
1, frail 1, negative energy resistance 1, robust 1, electricity resistance, weak
1, wild magic 1, unbreathing, petrification resistance, rot immunity, placid
magic 1, AC +7
a: Heroism, Renounce Religion


You were on level 1 of the Abyss.
You worshipped Okawaru.
Okawaru was greatly pleased with you.
You were not hungry.

You visited 2 branches of the dungeon, and saw 10 of its levels.
You visited the Abyss 1 time.
You also visited: Sewer and Ossuary.

You collected 896 gold pieces.

Inventory:

Hand weapons
 a - a +0 morningstar (weapon)
 n - a +1 flail
Missiles
 v - 6 javelins (quivered)
Armour
 B - a +1 plate armour (worn)
 C - a +0 large shield (worn)
 E - a +0 cloak (worn)
 F - a +0 pair of gloves (worn)
Magical devices
 e - a wand of frost (3)
 q - a wand of fire (4)
 s - a wand of heal wounds (4)
 x - a wand of magic darts (15)
Comestibles
 d - 5 bread rations
 i - 6 meat rations
 D - 4 slices of pizza
Scrolls
 g - 4 scrolls of teleportation
 h - 2 scrolls of remove curse
 m - 11 scrolls of identify
 t - 2 scrolls of enchant armour
 w - a scroll of fear
 y - 2 scrolls of enchant weapon
 z - 2 scrolls of magic mapping
Jewellery
 b - a +1 ring of strength (left hand)
 k - a +2 ring of protection (right hand)
 p - an uncursed ring of protection from fire
 r - an uncursed ring of flight
 A - an uncursed amulet of guardian spirit
 G - an amulet of faith (around neck)
Potions
 c - a potion of brilliance
 l - a potion of magic
 o - a potion of flight
 u - a potion of cancellation


   Skills:
 + Level 7.6(12.6) Fighting
 + Level 8.0(13.0) Maces & Flails
 + Level 0.2(5.2) Throwing
 + Level 7.9(12.9) Armour
 + Level 4.3(9.3) Dodging
 + Level 10.7(15.7) Shields
 + Level 0.4 Invocations
 + Level 0.6 Evocations


You had 9 spell levels left.
You didn't know any spells.

Dungeon Overview and Level Annotations

Branches:
Dungeon (9/15)             Temple (1/1) D:5            Lair (0/8) D:9
    Orc: D:9-12

Altars:
Ashenzari
Cheibriados
Dithmenos
Elyvilon
Fedhas
Kikubaaqudgha
Makhleb
Nemelex Xobeh
Okawaru
Qazlal
Sif Muna
Trog
Vehumet
Xom
Zin
The Shining One

Shops:
D:5 %

Annotations:
D:9 Erolcha


Innate Abilities, Weirdness & Mutations

You are resistant to torment.
You are immune to poison.
Your stone body is very resilient (AC +7).
You resist negative energy.
You are resistant to electric shocks.
You can survive without breathing.
You are immune to petrification.
You are immune to rotting.
You are clumsy. (Dex -2)
You are dopey. (Int -2)
You are robust (+10% HP).
You are weak. (Str -2)
Your spells are a little harder to cast, but a little more powerful.
[You tend to lose your temper in combat.]
[Your vision is a little blurry.]
[Armour fits poorly on your strangely shaped body.]
[Your body is deteriorating.]
[You are frail (-10% HP).]
[Your spells are a little easier to cast, but a little less powerful.]


Message History

You block the brown very ugly thing's attack.
You hit the brown very ugly thing.
The brown very ugly thing is severely wounded.
You block the brown very ugly thing's attack.
Welcome back, Leibowitz the Gargoyle Fighter.
Okawaru says: Bring me glory in combat!
Press ? for a list of commands and other information.
Your plate armour prevents you from hitting the brown very ugly thing.
The brown very ugly thing is severely wounded.
The brown very ugly thing stings you!
You are splashed with acid!
The acid corrodes your equipment!
The acid burns!
Your plate armour prevents you from hitting the brown very ugly thing.
The brown very ugly thing is severely wounded.
The brown very ugly thing stings you but does no damage.
You closely miss the brown very ugly thing.
The brown very ugly thing is severely wounded.
The brown very ugly thing stings you!!
* * * LOW HITPOINT WARNING * * *
You are splashed with acid!
The acid burns!
You die...

. ..###'##'#
..
#............
#... ..... ..
.....u. . ..
##.### #### #
#. #.###
#.u@#
####....#
##....# ####


You could see a brown very ugly thing.

Vanquished Creatures
  A thrashing horror (Abyss:1)
  A large abomination (Abyss:1)
  A gargoyle (D:9)
  A smoke demon (Abyss:1)
  An orange demon (Abyss:1)
  A wandering mushroom (D:9)
  An ancient zyme (Abyss:1)
  A hill giant zombie (D:8)
  A human (D:8)
  A hippogriff (D:9)
  A hill giant skeleton (D:8)
  A hog (D:8)
  A black bear (D:6)
  A phantom (D:8)
  Purgy (Sewer)
  A sky beast (D:7)
  4 orc warriors
  A necrophage (D:9)
  3 centaurs (D:8)
  2 ogres
  3 giant frogs
  A big kobold (D:5)
  A gnoll sergeant (D:8)
  Blork the orc (D:9)
  A wyvern zombie (D:6)
  5 wights (D:6)
  A scorpion (D:5)
  5 crimson imps
  2 goliath beetles
  A yak skeleton (D:9)
  3 jellies
  A centaur skeleton (D:8)
  4 hounds
  A human zombie (Ossuary)
  4 orc priests
  2 iguanas
  2 centaur zombies
  4 orc wizards
  3 worker ants
  3 sheep (D:8)
  3 big kobold zombies (Ossuary)
  An ogre zombie (D:5)
  A big kobold skeleton (D:8)
  Terence (D:2)
  2 mummies (Ossuary)
  4 gnolls (D:8)
  2 green rats (D:6)
  4 orc zombies
  5 adders
  2 giant mites
  A goliath beetle zombie (D:7)
  3 worms
  An ufetubus (Abyss:1)
  An adder skeleton (D:4)
  An adder zombie (D:5)
  An iguana skeleton (D:6)
  5 giant geckos
  2 oozes
  30 orcs
  3 gnoll zombies (Ossuary)
  20 goblins
  17 hobgoblins
  12 jackals
  23 kobolds
  A quokka (D:2)
  3 ball pythons
  14 bats
  5 giant cockroaches
  9 giant newts
  3 goblin zombies (Ossuary)
  A hobgoblin zombie (Ossuary)
  A kobold skeleton (D:5)
  3 orc skeletons
  8 rats
267 creatures vanquished.

Vanquished Creatures (others)
  2 jackals (D:9)
  A fungus (D:9)
3 creatures vanquished.

Grand Total: 270 creatures vanquished

Notes
Turn   | Place    | Note
--------------------------------------------------------------
     0 | D:1      | Leibowitz, the Gargoyle Fighter, began the quest for the Orb.
     0 | D:1      | Reached XP level 1. HP: 14/14 MP: 1/1
    72 | D:1      | Reached XP level 2. HP: 19/19 MP: 2/2
   355 | D:1      | Reached XP level 3. HP: 20/23 MP: 3/3
   682 | D:2      | Reached skill level 1 in Dodging
   727 | D:2      | Reached XP level 4. HP: 14/29 MP: 4/4
   890 | D:2      | Noticed Terence
   903 | D:2      | Killed Terence
   925 | D:2      | Reached skill level 4 in Fighting
  1375 | D:2      | Reached XP level 5. HP: 33/33 MP: 5/5
  2671 | D:4      | Found a shadowy altar of Dithmenos.
  2819 | D:4      | Found a white marble altar of Elyvilon.
  3056 | D:4      | Found a stormy altar of Qazlal.
  3057 | D:4      | Found a glowing golden altar of the Shining One.
  3240 | D:5      | Entered Level 5 of the Dungeon
  3382 | D:5      | Reached XP level 6. HP: 37/39 MP: 6/6
  3697 | D:5      | Reached skill level 5 in Shields
  3704 | D:5      | Gained mutation: Your spells are a little harder to cast, but a little more powerful. [potion of mutation]
  3704 | D:5      | Gained mutation: [Your body is slowly deteriorating.] [potion of mutation]
  3704 | D:5      | Gained mutation: You are robust (+10% HP). [potion of mutation]
  3819 | D:5      | Reached XP level 7. HP: 43/48 MP: 7/7
  3853 | D:5      | Found Mnioqos' Food Shoppe.
  4073 | D:5      | Found a staircase to the Ecumenical Temple.
  4084 | Temple   | Entered the Ecumenical Temple
  4151 | Temple   | Became a worshipper of Warmaster Okawaru
  4464 | D:6      | Reached skill level 5 in Fighting
  4469 | D:6      | Reached skill level 6 in Shields
  4581 | D:6      | Acquired Okawaru's first power
  4581 | D:6      | Reached XP level 8. HP: 33/53 MP: 8/8
  4613 | D:6      | Reached skill level 5 in Armour
  4735 | D:6      | Found a glowing drain.
  4751 | Sewer    | Entered a sewer
  4772 | Sewer    | Noticed Purgy
  4788 | Sewer    | Killed Purgy
  5222 | D:6      | Reached skill level 5 in Maces & Flails
  5498 | D:6      | Reached skill level 7 in Shields
  6228 | D:7      | Found a sparkling altar of Nemelex Xobeh.
  6233 | D:7      | Reached XP level 9. HP: 60/60 MP: 9/9
  6705 | D:8      | Reached skill level 8 in Shields
  6886 | D:8      | Found a sand-covered staircase.
  6895 | Ossuary  | Entered an ossuary
  7435 | D:8      | Upgraded the game from 0.15.0-23-gc2b521c to 0.15.0-25-gd84c1e8
  7458 | D:8      | Reached XP level 10. HP: 31/69 MP: 2/10
  7739 | D:8      | Reached skill level 9 in Shields
  8278 | D:9      | Found a staircase to the Lair.
  8342 | D:9      | Noticed Blork the orc
  8354 | D:9      | Killed Blork the orc
  8438 | D:9      | Noticed Erolcha
  8468 | D:9      | Cast into the Abyss (Erolcha)
  8559 | Abyss:1  | Noticed a sun demon
  8581 | Abyss:1  | Noticed a large abomination
  8588 | Abyss:1  | Noticed a sun demon
  8588 | Abyss:1  | Gained mutation: You are weak. (Str -2) [a neqoxec]
  8593 | Abyss:1  | Found a corrupted altar of Lugonu.
  8726 | Abyss:1  | Noticed a smoke demon
  8759 | Abyss:1  | Noticed a wretched star
  8776 | Abyss:1  | Noticed a wretched star
  8785 | Abyss:1  | Found a corrupted altar of Lugonu.
  8856 | Abyss:1  | Noticed a smoke demon
  8879 | Abyss:1  | Killed a smoke demon
  8880 | Abyss:1  | Noticed a thrashing horror
  8911 | Abyss:1  | Killed a thrashing horror
  8911 | Abyss:1  | Reached skill level 10 in Shields
  8923 | Abyss:1  | Noticed a large abomination
  8940 | Abyss:1  | Noticed a wretched star
  8948 | Abyss:1  | Found a corrupted altar of Lugonu.
  8958 | Abyss:1  | Killed a large abomination
  9033 | Abyss:1  | Noticed a smoke demon
  9114 | Abyss:1  | Gained mutation: You are clumsy. (Dex -2) [a neqoxec]
  9117 | Abyss:1  | Gained mutation: You are dopey. (Int -2) [a neqoxec]
  9125 | Abyss:1  | Noticed a brown very ugly thing
  9151 | Abyss:1  | Splashed by a brown very ugly thing's acid

Action                   |  1- 3 |  4- 6 |  7- 9 | 10-12 || total
-------------------------+-------+-------+-------+-------++-------
Melee: Flail             |   153 |   148 |       |       ||   301
       Morningstar       |       |   164 |   631 |   237 ||  1032
Throw: Javelin           |       |       |     3 |       ||     3
Invok: Heroism           |       |       |     1 |     3 ||     4
Evoke: Wand              |       |     1 |     3 |     3 ||     7
  Use: Scroll            |       |     7 |     5 |     7 ||    19
       Potion            |       |     8 |     6 |     2 ||    16
  Eat: Chunk             |       |    11 |     1 |       ||    12
       Pizza             |       |       |     2 |     3 ||     5
       Beef jerky        |       |       |     2 |     2 ||     4
       Royal jelly       |       |       |     1 |       ||     1
       Bread ration      |       |       |     1 |       ||     1
